 Dungeon Crawl Stone Soup version 0.16-a0-3219-g20c30b8 (webtiles) character file.

70 PolkaDot the Caller (level 4, 0/35 HPs)
             Began as a Vampire Summoner on Dec 21, 2014.
             Was an Initiate of Sif Muna.
             Slain by Chiseanne's ghost (2 damage)
             ... on level 4 of the Dungeon.
             The game lasted 00:10:10 (3400 turns).

PolkaDot the Caller (Vampire Summoner)              Turns: 3400, Time: 00:10:10

Health: 0/35       AC:  3    Str:  7    XL:     4   Next: 4%
Magic:  1/7        EV: 12    Int: 18    God:    Sif Muna [......]
Gold:   119        SH:  0    Dex: 14    Spells: 3 memorised, 1 level left

rFire  + . .     SeeInvis +     j - +0 short sword
rCold  . . .     Clarity  +     a - +0 robe
rNeg   + . .     SustAb   .     (no shield)
rPois  .         Gourm    .     (no helmet)
rElec  .         Spirit   .     w - +0 cloak
rCorr  .         Warding  .     (no gloves)
rMut   .         Stasis   .     (no boots)
MR     .....                    u - amulet of clarity
Stlth  ++........               h - ring of protection from cold
                                o - ring of fire

@: not resistant to hostile enchantments, unstealthy
A: bottle blood, fangs 3, see invisible, robust 1, unbreathing
a: Bat Form, Renounce Religion


You were on level 4 of the Dungeon.
You worshipped Sif Muna.
Sif Muna was noncommittal.
You were not thirsty.

You visited 2 branches of the dungeon, and saw 5 of its levels.

You collected 119 gold pieces.

Inventory:

Hand weapons
 j - a +0 short sword (weapon)
Armour
 a - a +0 robe (worn)
 w - a +0 cloak (worn)
Jewellery
 d - an uncursed ring of teleportation
 h - a ring of protection from cold (right hand)
 k - an uncursed amulet of guardian spirit
 o - a ring of fire (left hand)
 u - an amulet of clarity (around neck)
Scrolls
 c - 2 scrolls of identify {unknown}
 f - a scroll of enchant armour {unknown}
 g - a scroll of blinking {unknown}
 i - 3 scrolls of remove curse
 l - a scroll of enchant weapon {unknown}
 m - a scroll of noise {unknown}
 n - 4 scrolls of amnesia {unknown}
 p - a scroll of fog {unknown}
 q - a scroll of fear {unknown}
 t - 3 scrolls of teleportation {unknown}
Books
 b - a book of Callings

   Spells                             Type                      Level
   a - Summon Small Mammal            Summoning                    1
   b - Call Imp                       Summoning                    2
   c - Call Canine Familiar           Summoning                    3
   d - Summon Guardian Golem          Hexes/Summoning              4
   e - Summon Lightning Spire         Summoning/Air                4
   f - Summon Ice Beast               Ice/Summoning                4


   Skills:
 - Level 1.5 Fighting
 * Level 3.0 Short Blades
 - Level 2.1 Dodging
 - Level 3.0 Stealth
 - Level 2.0 Spellcasting
 + Level 4.2 Summonings


You had one spell level left.
You knew the following spells:

 Your Spells              Type           Power        Failure   Level  Hunger
d - Call Canine Familiar  Summ           ###.....     12%         3    ###....
s - Call Imp              Summ           ###.....     6%          2    ###....
z - Summon Small Mammal   Summ           ###.         3%          1    #......


Dungeon Overview and Level Annotations

Branches:
Dungeon (4/15)             Temple (1/1) D:4

Altars:
Ashenzari
Cheibriados
Dithmenos
Elyvilon
Fedhas
Gozag
Makhleb
Nemelex Xobeh
Okawaru
Qazlal
Ru
Sif Muna
Trog
Vehumet
Xom
Yredelemnul
Zin
The Shining One

Annotations:
D:3 Mygna's ghost, average CeWr
D:4 Chiseanne's ghost, average SpWz


Innate Abilities, Weirdness & Mutations

You can bottle blood from corpses.
You have razor-sharp teeth.
You have supernaturally acute eyesight.
You can survive without breathing.
You are robust (+10% HP).


Message History

Casting: Call Imp
Confirm with . or Enter, or press ? or * to list all spells.
A beastly little devil appears in a puff of flame.
Your crimson imp says, "I give in to your fealty, O magnificent and greatest gentlevampire!"
* * * LOW MAGIC WARNING * * *
The kobold misses you. The rat bites you but does no damage.
The kobold hits you with a dagger.
* * * LOW HITPOINT WARNING * * *
Your crimson imp hits the kobold.
The rat bites you.
* * * LOW HITPOINT WARNING * * *
Your crimson imp blinks! x2
Your crimson imp hits the kobold but does no damage.
You see here 5 gold pieces.
A goblin comes into view. It is wielding a dagger.
The rat bites something.
Your crimson imp misses the kobold.
Your crimson imp barely misses the kobold.
The kobold closely misses your crimson imp.
Your crimson imp blinks! x2
Chiseanne's ghost hits you.
You die...

#..g##.......# .#..
#............#......+..
#............+.(....#..
#............#......#..
#..ยง##$..(...#......#..
#..K##r......#......#..
#............+......#<.
#....O.......#......#..
#....W@..?...#......+..
#...##+###.'##......#..
#...##...#.....#+######
##+###...'.....#
#...#.....# #.........#
+...>.....+ #.........#
#...#.....#


You could see an ogre, Chiseanne's ghost, a kobold and a rat.

Vanquished Creatures
  An adder (D:2)
  A giant mite (D:2)
  A giant gecko (D:2)
  2 ball pythons (D:1)
  2 giant cockroaches
  4 hobgoblins
  3 kobolds
  A quokka (D:2)
  5 bats
  5 giant newts
  7 goblins
  13 rats
45 creatures vanquished.

Vanquished Creatures (collateral kills)
  An adder (D:3)
  A bat (D:1)
  A goblin (D:3)
  A kobold (D:1)
  A rat (D:1)
5 creatures vanquished.

Vanquished Creatures (others)
  A hound (D:4)
  A bat (D:2)
  2 rats (D:1)
4 creatures vanquished.

Grand Total: 54 creatures vanquished

Notes
Turn   | Place    | Note
--------------------------------------------------------------
     0 | D:1      | PolkaDot, the Vampire Summoner, began the quest for the Orb.
     0 | D:1      | Reached XP level 1. HP: 13/13 MP: 3/3
   465 | D:1      | Reached skill level 1 in Fighting
   786 | D:1      | Reached XP level 2. HP: 15/21 MP: 0/4
  1339 | D:1      | Reached skill level 1 in Short Blades
  1615 | D:2      | Reached XP level 3. HP: 13/26 MP: 3/6
  1808 | D:2      | Learned a level 2 spell: Call Imp
  1812 | D:2      | Learned a level 3 spell: Call Canine Familiar
  2705 | D:3      | Reached XP level 4. HP: 32/32 MP: 7/7
  2743 | D:3      | Noticed Mygna's ghost (average CeWr)
  2746 | D:3      | Gained mutation: You are robust (+10% HP). [potion of mutation]
  3124 | D:4      | Noticed Chiseanne's ghost (average SpWz)
  3126 | D:4      | Noticed an ogre
  3132 | D:4      | Found a staircase to the Ecumenical Temple.
  3153 | Temple   | Entered the Ecumenical Temple
  3330 | Temple   | Became a worshipper of Sif Muna the Loreminder
  3390 | D:4      | HP: 1/35 [rat (2)]
  3400 | D:4      | Slain by Chiseanne's ghost

Action                   |  1- 3 |  4- 6 || total
-------------------------+-------+-------++-------
Melee: Unarmed           |    44 |       ||    44
       Short sword       |   109 |    12 ||   121
       Dagger            |    17 |       ||    17
 Cast: Summon Small Mamm |    16 |       ||    16
       Call Imp          |     2 |     4 ||     6
       Call Canine Famil |       |     2 ||     2
  Use: Potion            |     1 |     4 ||     5
       Scroll            |     1 |       ||     1
 Stab: Sleeping          |     6 |       ||     6
  Eat: Corpse            |    15 |     1 ||    16
